 Dungeon Crawl Stone Soup version 0.29-a0-830-gcb1280458a (webtiles) character file.

Game seed: 2587751015977505441

541 gobodom the Digger (level 7, -2/37 HPs)
             Began as a Gargoyle Earth Elementalist on July 11, 2022.
             Slain by an orc warrior
             ... wielding a +0 war axe
              (13 damage)
             ... on level 5 of the Dungeon.
             The game lasted 00:09:38 (4259 turns).

gobodom the Digger (Gargoyle Earth Elementalist)    Turns: 4259, Time: 00:09:40

Health: -2/37      AC:  8    Str: 12    XL:     7   Next: 26%
Magic:  6/14       EV: 12    Int: 17    God:
Gold:   331        SH:  0    Dex: 16    Spells: 5/16 levels left

rFire   . . .      SeeInvis .   f - +2 dagger (venom)
rCold   . . .      Faith    .   (no shield)
rNeg    + . .      Spirit   .   a - +0 robe
rPois   ∞          Reflect  .   j - +0 helmet
rElec   +          Harm     .   e - +0 cloak
rCorr   .          Rampage  .   (no gloves)
Will    .....                   (no boots)
Stlth   ++........              (no amulet)
HPRegen 0.12/turn               y - +6 ring of dexterity
MPRegen 0.14/turn               (no ring)

@: no status effects
A: sickness immunity, AC +4, negative energy resistance 1, electricity
resistance, torment resistance 1, petrification resistance
a: no special abilities


You were on level 5 of the Dungeon.
You visited 1 branch of the dungeon, and saw 5 of its levels.

You collected 331 gold pieces.

Inventory:

Hand Weapons
 f - a +2 dagger of venom (weapon)
 s - a +0 dagger of protection
 x - a +2 vorpal long sword
Missiles
 c - 8 poisoned darts
Armour
 a - a +0 robe (worn)
 e - a +0 cloak (worn)
 j - a +0 helmet (worn)
Jewellery
 t - a ring of fire
 y - a +6 ring of dexterity (left hand)
Scrolls
 h - a scroll of acquirement {unknown}
 i - a scroll of teleportation {unknown}
 l - 2 scrolls of poison {unknown}
 m - 3 scrolls of summoning {unknown}
 n - a scroll of noise {unknown}
 o - 4 scrolls of torment {unknown}
 p - 2 scrolls of amnesia {unknown}
 q - a scroll of fear {unknown}
 r - a scroll of enchant weapon {unknown}
Potions
 b - 2 potions of magic
 d - 5 potions of curing
 g - a potion of lignification
 k - a potion of flight
 u - 3 potions of heal wounds
 v - a potion of mutation
 w - 2 potions of might {unknown}
 z - a potion of cancellation


   Skills:
 + Level 0.4 Fighting
 + Level 1.8 Dodging
 + Level 3.0 Stealth
 + Level 5.1 Spellcasting
 + Level 1.0 Transmutations
 + Level 6.7 Earth Magic


You had 5 spell levels left.
You knew the following spells:

 Your Spells              Type           Power      Damage    Failure   Level
a - Sandblast             Erth           54%        2d13      1%          1
b - Passwall              Tmut/Erth      14%        N/A       4%          2
c - Stone Arrow           Conj/Erth      30%        3d8       11%         3
d - Petrify               Tmut/Erth      17%        N/A       28%         4
e - Sting                 Tmut/Pois      24%        1d4       12%         1

Your spell library contained the following spells:

 Spells                   Type           Power      Damage    Failure   Level
 Poisonous Vapours        Pois/Air       8%         N/A       22%         2
 Olgreb's Toxic Radiance  Pois           4%         N/A       80%         4


Dungeon Overview and Level Annotations

Branches:
Dungeon (5/15)
 Temple: D:4-7

Altars:
Kikubaaqudgha
Okawaru

Annotations:
D:3 3 runed translucent doors, jlumianski's ghost, weakling DsFi


Innate Abilities, Weirdness & Mutations

You are immune to sickness and miasma.
Your stone body is resilient. (AC +4)
You are immune to poison.
You resist negative energy. (rN+)
You are resistant to electric shocks. (rElec)
You are resistant to unholy torment.
You are immune to petrification.


Message History

Your Spellcasting skill increases to level 5!
HP restored.
Found a stone staircase leading up.
An orc warrior and an orc come into view.
The orc shouts!
The orc warrior shouts!
You hear a shout! x2
An orc comes into view. It is wielding a +0 short sword.
An orc comes into view. It is wielding a +0 dagger.
The orc shouts!
Casting: Sandblast (safe; 1% risk of failure)
Confirm with . or Enter, or press ? or * to list all spells.
Aiming: Stone Arrow (dangerous; 11% risk of failure)
Press: ? - help, Shift-Dir - straight line, f - orc
Aim: an orc, wielding a +0 hand axe and wearing a +0 leather armour (68% to hit)
You miscast Stone Arrow.
You are very lightly contaminated with residual magic.
Nothing appears to happen.
The blast of sand hits the orc warrior but does no damage.
The blast of sand misses the orc.
The orc hits you but does no damage.
Your magical contamination has completely faded away.
The blast of sand misses the orc warrior.
The orc warrior hits you with a +0 war axe!
The orc warrior barely misses you.
The blast of sand hits the orc warrior but does no damage.
The orc warrior closely misses you. x2
The blast of sand hits the orc warrior but does no damage.
The orc warrior completely misses you. The orc warrior closely misses you.
The blast of sand hits the orc warrior but does no damage.
The orc warrior hits you with a +0 war axe!
* * * LOW HITPOINT WARNING * * *
The orc warrior barely misses you.
You are too injured to fight recklessly!
Casting: Sandblast (safe; 1% risk of failure)
Confirm with . or Enter, or press ? or * to list all spells.
Aiming: Sandblast (safe; 1% risk of failure)
Press: ? - help, Shift-Dir - straight line, f/p - orc warrior
Aim: an orc warrior, wielding a +0 war axe and wearing a +0 plate armour (81% to hit)
The blast of sand hits the orc warrior.
The orc warrior is moderately wounded.
The orc warrior hits you with a +0 war axe!
You die...

........# #≈..≈≈≈..
.......# #≈.≈...≈.
......### #§§≈._.≈.
#......# #§§§.§.§. ##
#......# #≈..≈§≈.. .#
#......####.≈≈§≈§§≈ # .#
#.........#.....§§. ..
.###......##..#########...
............####@oo##.....
..........#..# ###o.......
...##.###..#.###.....###.#
...##.###.........o<##
..........#..#......#
...>#...###....#....#
.............###.####
..###.#......#...# ..#
#.###......###


You could see an orc warrior and 2 orcs.

Vanquished Creatures
  An ice beast (D:5)
  An ogre (D:4)
  A phantom (D:4)
  An orc priest (D:4)
  A jelly (D:5)
  Natasha (thrice) (D:3)
  An iguana (D:4)
  An orc wizard (D:3)
  2 adders
  2 worms
  3 dart slugs
  6 orcs
  6 ball pythons
  8 endoplasms
  2 giant cockroaches
  6 goblins
  6 hobgoblins
  4 quokkas
  4 bats
  A frilled lizard (D:3)
  8 kobolds
  7 rats
75 creatures vanquished.

Vanquished Creatures (others)
  3 toadstools (D:1)
3 creatures vanquished.

Grand Total: 78 creatures vanquished

Notes
Turn   | Place    | Note
-------+----------+-------------------------------------------
     0 | D:1      | gobodom the Gargoyle Earth Elementalist began the quest for
                  | the Orb.
     0 | D:1      | Reached XP level 1. HP: 10/10 MP: 3/3
    79 | D:1      | Reached XP level 2. HP: 15/15 MP: 1/5
   533 | D:1      | Reached skill level 4 in Earth Magic
   892 | D:1      | Reached XP level 3. HP: 19/19 MP: 5/7
  1120 | D:1      | Learned a level 2 spell: Passwall
  1124 | D:1      | Learned a level 3 spell: Stone Arrow
  1875 | D:3      | Noticed Natasha
  1880 | D:3      | Killed Natasha
  1881 | D:3      | Reached skill level 1 in Transmutations
  1881 | D:3      | Reached XP level 4. HP: 13/24 MP: 2/8
  2110 | D:3      | Noticed jlumianski's ghost (weakling DsFi)
  2143 | D:3      | Found a runed translucent gate.
  2143 | D:3      | Found a runed translucent gate.
  2362 | D:3      | Noticed Natasha
  2364 | D:3      | Killed Natasha
  2453 | D:3      | Reached XP level 5. HP: 28/28 MP: 8/10
  2473 | D:3      | Noticed Natasha
  2478 | D:3      | Killed Natasha
  2479 | D:3      | Reached skill level 5 in Earth Magic
  2714 | D:3      | Found a runed translucent gate.
  2941 | D:3      | Learned a level 4 spell: Petrify
  3097 | D:4      | Noticed an ogre
  3101 | D:4      | Killed an ogre
  3102 | D:4      | Reached XP level 6. HP: 33/33 MP: 7/12
  3498 | D:4      | Found an iron altar of Okawaru.
  3585 | D:4      | Reached skill level 6 in Earth Magic
  4020 | D:4      | Learned a level 1 spell: Sting
  4066 | D:5      | Entered Level 5 of the Dungeon
  4143 | D:5      | Found an ancient bone altar of Kikubaaqudgha.
  4144 | D:5      | Noticed an ice beast
  4148 | D:5      | Reached XP level 7. HP: 37/37 MP: 11/14
  4156 | D:5      | Reached skill level 5 in Spellcasting
  4259 | D:5      | Slain by an orc warrior

Illustrated notes

Levels and vault maps discovered:
D:1:      dpeg_arrival_solitude, layout_basic, minmay_gold_behind_fungi
D:2:      layout_loops_ring
D:3:      layout_basic, gammafunk_ghost_icy, uniq_natasha
D:4:      layout_loops_ring, lemuel_coloured_pillars_altar
D:5:      layout_rooms, mainiacjoe_overflow_paths, temple_pool_b,
          nicolae_concentric_dashed_squares_mild

Skill      XL: |  1  2  3  4  5  6  7 |
---------------+----------------------+-----
Earth Magic    | 4 5 6 |  6.7
Spellcasting   | 3 4 5 |  5.1
Transmutations | 1 |  1.0
Stealth        | 3 |  3.0
Fighting       | |  0.4
Dodging        | |  1.8

Action                   |  1- 3 |  4- 6 |  7- 9 || total
-------------------------+-------+-------+-------++-------
Melee: Unarmed           |     3 |       |       ||     3
       Dagger            |     1 |    20 |       ||    21
 Cast: Sandblast         |    45 |    64 |    14 ||   123
       Passwall          |     2 |       |       ||     2
       Stone Arrow       |       |     1 |       ||     1
  Use: Scroll            |     3 |     4 |       ||     7
Armor: Robe              |     4 |    23 |     6 ||    33
Dodge: Dodged            |    10 |    17 |    10 ||    37

Table legend: (Time is in decaauts)
 A = Elapsed time spent in this place.
 B = Non-inter-level travel time spent in this place.
 C = Inter-level travel time spent in this place.
 D = Time resting spent in this place.
 E = Time spent auto-exploring this place.
 F = Levels seen in this place.
 G = Mean time per level.
                   A        B        C        D        E       F      G
               +--------+--------+--------+--------+--------+-----+--------+
         Total |   4378 |   4299 |     79 |     97 |   3552 |   5 |  875.6 |
       Dungeon |   4378 |   4299 |     79 |     97 |   3552 |   5 |  875.6 |
               +--------+--------+--------+--------+--------+-----+--------+

Top non-repeatable levels by time:
     D:3: 1200 daAuts
     D:1: 1152 daAuts
     D:4: 1052 daAuts
     D:2: 760 daAuts
     D:5: 212 daAuts
